AoeStats
← Cuervo

Arena

507877223Analyzed
2v2 RM · 12d ago on Sep 20, 2026· 37m 55s· 4 players
Game mode
Random Map
Map size
Medium (4 player)
Population
200
Speed
Normal
Resources
Standard
Victory
Conquest
Starting age
Dark Age
Ending age
Imperial Age
RankedLock teamsTeams togetherTeam positionsShared explorationLock speedFull tech treeHidden civsTurbo modeCheats
Victory
Defeat
🇨🇳 Cumans · China
1009
+18
🇨🇳 Sicilians · China
955
+20
🇦🇷 Koreans · Argentina
1087
-21
🇦🇷 Spanish · Argentina
996
-17
MilanVincent
9:44 Feudal Age
10:38 Double-Bit Axe
11:17 Horse Collar
21:11 Castle Age
19:20 Gold Mining
20:12 Scale Barding Armor
20:18 Forging
20:24 Bloodlines
21:07 Wheelbarrow
21:40 Stone Mining
22:05 Bow Saw
21:57 Heavy Plow
22:45 Chain Barding Armor
23:04 Gold Shaft Mining
22:51 Hand Cart
22:22 Loom
22:22 Town Watch
25:30 Iron Casting
25:16 Capped Ram
32:12 Imperial Age
29:39 Light Cavalry
31:03 Fletching
31:14 Padded Archer Armor
31:14 Scale Mail Armor
31:17 Squires
31:02 Arson
31:26 Thumb Ring
32:10 Town Patrol
33:48 Crop Rotation
34:22 Two-Man Saw
32:55 Siege Ram
34:47 Murder Holes
35:13 Ballistics
35:54 Chemistry
34:19 Elite Steppe Lancer
35:22 Ballistics
36:53 Blast Furnace
36:29 Plate Barding Armor
35:50 Bodkin Arrow
36:36 Herbal Medicine
38:01 Conscription
37:17 Hussar
38:26 Parthian Tactics
38:18 Steppe Husbandry
猫咪先生
12:02 Feudal Age
12:32 Double-Bit Axe
17:02 Castle Age
15:14 Horse Collar
26:01 First Crusade
27:32 Wheelbarrow
30:20 Imperial Age
29:50 Gold Mining
29:49 Loom
30:50 Hand Cart
30:34 Elite Serjeant
31:22 Capped Ram
32:32 Conscription
33:37 Hauberk
35:15 Gambesons
35:31 Squires
35:16 Arson
36:08 Heavy Plow
37:00 Siege Ram
38:36 Gold Shaft Mining
37:52 Stone Mining
CasquetE
10:06 Feudal Age
11:02 Double-Bit Axe
18:40 Castle Age
19:49 Gold Mining
19:42 Horse Collar
20:17 Loom
20:18 Town Watch
21:08 Wheelbarrow
21:14 Fervor
23:18 Sanctity
23:33 Husbandry
23:44 Bloodlines
24:41 Scale Barding Armor
24:46 Forging
24:31 Fletching
25:58 Stone Mining
28:20 Redemption
30:49 Murder Holes
31:32 Ballistics
32:10 Bodkin Arrow
32:37 Chain Barding Armor
37:33 Imperial Age
37:40 Imperial Age
Cuervo
10:49 Feudal Age
15:31 Castle Age
13:59 Double-Bit Axe
16:32 Loom
16:54 Horse Collar
21:23 Bow Saw
22:16 Gold Mining
23:09 Crossbowman
25:38 Fletching
27:02 Gold Shaft Mining
27:49 Wheelbarrow
30:06 Thumb Ring
31:02 Bodkin Arrow
32:19 Hand Cart
37:52 Imperial Age
Connection lost

Rejoining the realm…

Still unreachable

The connection could not be restored.

Session expired

The server has moved on; the page needs a fresh start.